Cogmind - Beta 14 @@@ ROGUE MODE // 2024.11.18 @ 13:16:08 Player: foolish Result: Destroyed by X-67 Chaingunner with Minigun Performance ------------- Evolutions (3) 1500 Regions Visited (4) 800 Robots Destroyed (83) 415 Value Destroyed (2457) 2457 Prototype IDs (5) 100 Alien Tech Used (0) 0 Bonus (16) 16 TOTAL SCORE: 5288 Bonus ------- High Alert Combat Kills 16 Cogmind --------- Core Integrity 0/700 Matter 17/300 Energy 65/100 System Corruption 0% Temperature Cool (0) Movement Core (100) Ox1 Location -7/Factory Parts ------- > --- POWER (1) -------- (None) > --- PROPULSION (4) --- (None) > --- UTILITY (5) ------ Hardened Light Armor Plating > --- WEAPON (3) ------- (None) > --- INVENTORY (5) ---- Large Storage Unit Signal Interpreter Matter Filter Advanced ECM Suite Peak State ------------ > --- POWER ------------ Light Nuclear Core > --- PROPULSION ------- Armored Treads Advanced Treads Advanced Treads Improved Aluminum Leg > --- UTILITY ---------- Medium Storage Unit Visual Processing Unit Signal Interpreter Core Shielding Layered Light Armor Plating > --- WEAPON ----------- Particle Cannon Improved Light Cannon > --- INVENTORY -------- Deuterium Engine Improved Carbon-fiber Leg Large Storage Unit Signal Interpreter Matter Filter Kinecellerator Layered Light Armor Plating System Shield Mini Grenade Launcher Long-range Missile Launcher [Rating: 30] Favorites ----------- Power Reinforced Ion Engine Engine Reinforced Ion Engine Power Core Light Nuclear Core Propulsion Improved Aluminum Leg Treads Light Treads Leg Improved Aluminum Leg Wheel Wheel Flight Unit VTOL Module Utility Signal Interpreter Device ECM Suite Storage Medium Storage Unit Processor Signal Interpreter Protection Core Shielding Weapon Improved Light Cannon Energy Gun Medium Laser Energy Cannon Particle Cannon Ballistic Gun Heavy Assault Rifle Ballistic Cannon Improved Light Cannon Launcher Mini Grenade Launcher Special Weapon Welding Torch Impact Weapon Flail Slashing Weapon Katana Build | -11 -10 -9 -8 -7 ------- Run | Yrd Mat Mat Mat Fac Slots Evolved 6 | . . 2 2 2 Power . | . . . . . Propulsion 2 | . . 1 . 1 Utility 3 | . . 1 1 1 Weapon 1 | . . . 1 . Parts Attached 101 | 6 5 48 19 23 Power 11 | 1 1 6 1 2 Engine 10 | 1 1 6 1 1 Core 1 | . . . . 1 Reactor . | . . . . . Propulsion 34 | 2 . 19 5 8 Treads 11 | 2 . 4 . 5 Leg 21 | . . 13 5 3 Wheel 1 | . . 1 . . Hover . | . . . . . Flight 1 | . . 1 . . Utility 25 | 1 1 11 4 8 Device 5 | . 1 3 . 1 Storage 5 | 1 . 1 2 1 Processor 3 | . . 2 1 . Hackware . | . . . . . Protection 12 | . . 5 1 6 Artifact . | . . . . . Weapon 31 | 2 3 12 9 5 Energy Gun 2 | 1 . 1 . . Energy Cannon 1 | . . . . 1 Ballistic Gun 12 | 1 . 10 1 . Ballistic Cannon 5 | . . . 4 1 Launcher 5 | . . . 2 3 Special Weapon 2 | . . 1 1 . Impact Weapon 3 | . 3 . . . Slashing Weapon 1 | . . . 1 . Piercing Weapon . | . . . . . Special Melee Weapon . | . . . . . Unidentified Prototypes 2 | . . 2 . . Parts Lost 30 | . 1 4 3 22 Power 5 | . . 2 . 3 Propulsion 9 | . 1 1 . 7 Utility 7 | . . 1 1 5 Weapon 9 | . . . 2 7 Highest Loss Streak 17 | . 1 2 2 17 To Critical Strikes . | . . . . . Average Slot Usage (%) 91 | . 88 91 97 85 Engine 8 | . 14 10 9 1 Core 1 | . . . . 5 Treads 7 | . 28 4 . 10 Leg 19 | . . 23 26 16 Device 2 | . 3 5 . . Storage 9 | . 14 11 9 7 Processor 8 | . . 3 14 14 Protection 10 | . . 11 11 14 Ballistic Gun 8 | . 1 17 5 . Ballistic Cannon 5 | . . . 11 9 Impact Weapon 4 | . 24 4 . . Slashing Weapon 2 | . . . 8 . Peak Build Rating 30 | 6 10 13 22 30 Average Rating 16 | 4 8 11 19 26 On Entrance 9 | . 6 9 12 20 Naked Turns 9 | . . . . 9 Heaviest Build 34 | 14 18 27 31 34 Greatest Support 84 | 40 40 30 39 84 Greatest Overweight (x) 7 | . . 3 1 7 Average Overweight (x) . | . . . . . Largest Inventory Capacity 15 | 8 8 10 15 10 Average Capacity 9 | 6 8 8 10 9 Most Carried 10 | 3 4 10 10 10 Average Carried 7 | 1 2 7 8 9 Final Capacity 10 | 8 8 10 10 5 Final Carried 10 | 1 3 9 10 4 Class Distribution -------------------- 63% | Mutant 29% | Scavenger-Mutant 7% | Tank Dominant Class ---------------- Mutant | -10/Materials Scavenger-Mutant | -9/Materials Mutant | -8/Materials Mutant | -7/Factory Resources | -11 -10 -9 -8 -7 ----------- Run | Yrd Mat Mat Mat Fac Matter Collected 2367 | 242 71 1039 733 282 Remotely . | . . . . . Salvage Created 2446 | . 181 1508 416 341 Parts 138 | . 2 88 33 15 Haulers Intercepted 1 | . . 1 . . Recyclers Shooed 2 | . . 2 . . Parts Field Recycled . | . . . . . Retrieved Matter . | . . . . . Parts Self-Destructed . | . . . . . Prevented . | . . . . . Kills | -11 -10 -9 -8 -7 ------- Run | Yrd Mat Mat Mat Fac Combat Hostiles Destroyed 57 | . 4 27 14 12 Melee 4 | . 3 1 . . Guns 26 | . . 22 4 . Cannons 15 | . . . 10 5 AOE 7 | . . . . 7 Classes Destroyed 14 | . 3 8 1 2 Worker 8 | . . 7 1 . Builder 4 | . . 2 1 1 Tunneler 1 | . . 1 . . Hauler 1 | . . 1 . . Recycler 1 | . . 1 . . Operator 2 | . 1 . . 1 Watcher 9 | . 1 4 3 1 Swarmer 10 | . . 3 7 . Grunt 29 | . 4 15 4 6 Brawler 2 | . . 2 . . Sentry 12 | . . 7 2 3 Specialist 2 | . . . . 2 Hunter 1 | . . . 1 . Heavy 1 | . . . . 1 Best Kill Streak 7 | . 1 5 5 7 Combat Bots Only 6 | . 1 3 3 6 Max Kills in Single Turn 2 | . 1 2 1 2 Gunslinging . | . . . . . Exploded 2 | . . . . 2 Melee 1 | . 1 1 . . Uniques/NPCs Destroyed . | . . . . . Combat | -11 -10 -9 -8 -7 -------- Run | Yrd Mat Mat Mat Fac Hostile Shots Fired 754 | . 35 142 128 449 Missed 257 | . 10 36 35 176 Damage Taken 6222 | . 309 1440 1118 3355 Core 987 | . 20 158 99 710 Absorbed by Shields 61 | . . . . 61 Redirected to Shielding 79 | . . . 19 60 Regen/Repaired (Parts) 382 | . . 85 173 124 Core Remaining (%) 83 | 100 92 60 82 . Volleys Fired 227 | . 1 110 73 43 Largest 3 | . 2 2 2 3 Hottest 137 | . 70 46 78 137 Shots Fired 433 | . 2 207 142 82 Gun 258 | . 2 197 59 . Cannon 150 | . . . 82 68 Launcher 15 | . . . 1 14 Special 10 | . . 10 . . Kinetic 397 | . 1 197 141 58 Thermal 21 | . 1 10 . 10 Explosive 15 | . . . 1 14 Electromagnetic . | . . . . . Robot Hit Streak 15 | . 2 15 14 12 Robot Miss Streak 6 | . . 6 4 3 Penetration Max . | . . . . . Secondary Targets 1 | . . 1 . . Max Gunslinging Chain 1 | . . 1 . . Shots Hit Robots 306 | . 15 151 83 57 Core Hits 132 | . 3 59 31 39 Critical Kills . | . . . . . Critical Parts Destroyed 11 | . 5 6 . . Critical Strikes 14 | . 5 6 2 1 Blast 3 | . . . 2 1 Smash 11 | . 5 6 . . Melee Attacks 56 | . 21 35 . . Impact 56 | . 21 35 . . Slashing . | . . . . . Piercing . | . . . . . Sneak Attacks 2 | . 1 1 . . Combat Hostiles . | . . . . . Follow-up Attacks 5 | . . 5 . . Damage Inflicted 7145 | . 542 2621 1491 2491 Guns 2411 | . 25 1838 548 . Cannons 1873 | . . . 905 968 Explosions 1561 | . . . 38 1523 Melee 1299 | . 517 782 . . Ramming 1 | . . 1 . . Kinetic 4147 | . 12 1838 1453 844 Thermal 691 | . 13 . . 678 Explosive 1007 | . . . 38 969 Electromagnetic . | . . . . . Impact 1299 | . 517 782 . . Slashing . | . . . . . Piercing . | . . . . . Highest Corruption 2 | . . 2 . . Average Corruption 2 | . . 2 . . Corruption Purged . | . . . . . Corruption Blocked . | . . . . . Effects 2 | . . 2 . . Message Errors 1 | . . 1 . . Data Loss (minor) 1 | . . 1 . . Overload Shots . | . . . . . Overflow Damage 561 | . 297 239 14 11 Projectiles 21 | . . 7 14 . Explosions 11 | . . . . 11 Melee 529 | . 297 232 . . Knockbacks 20 | . 1 2 9 8 Impact 2 | . 1 1 . . Kinetic 16 | . . . 9 7 Secondary 2 | . . 1 . 1 Self-Inflicted Damage 272 | . . . . 272 Shots 5 | . . . . 5 Rammed . | . . . . . Targets Rammed 1 | . . 1 . . Kicked 1 | . . 1 . . Crushed . | . . . . . Highest Temperature 443 | . 9 54 108 443 Average Temperature 66 | . 6 18 25 149 Received Heat Transfer 1518 | . 159 507 324 528 Effects 1 | . . . . 1 Shutdowns 1 | . . . . 1 Siege Activations . | . . . . . Robots Corrupted 7 | . 2 5 . . Combat Hostiles 5 | . 1 4 . . Parts Fried 13 | . 6 7 . . Impact Corruptions 26 | . 11 15 . . Robots Melted . | . . . . . Combat Hostiles . | . . . . . Parts Melted . | . . . . . Heat Transferred 559 | . 37 . . 522 Parts Sabotaged . | . . . . . Parts Stolen . | . . . . . Parts Stripped . | . . . . . Power Chain Reactions . | . . . . . Alert | -11 -10 -9 -8 -7 ------- Run | Yrd Mat Mat Mat Fac Peak Influence 479 | . 160 479 306 191 Initial 132 | . . 18 132 30 Average 130 | . 52 218 117 43 Maximum Alert Level 2 | . . 2 1 . Low Security (%) 76 | 100 100 45 88 100 Level 1 21 | . . 48 11 . Level 2 2 | . . 5 . . Level 3 . | . . . . . Level 4 . | . . . . . Level 5 . | . . . . . High Security . | . . . . . Max Security . | . . . . . Squads Dispatched 14 | . 4 1 . 9 Investigation 3 | . 2 . . 1 Extermination 1 | . . . . 1 Reinforcement 7 | . 2 1 . 4 Assault . | . . . . . Garrison 3 | . . . . 3 Intercept . | . . . . . Searches Triggered . | . . . . . Construction Impeded . | . . . . . Haulers Reinforced . | . . . . . Active Scanning Responses . | . . . . . Cargo Convoy Interrupts 1 | . . . . 1 Stealth | -11 -10 -9 -8 -7 --------- Run | Yrd Mat Mat Mat Fac Distress Signals 4 | . . 2 1 1 Communications Jammed . | . . . . . Distress Signals . | . . . . . Times Spotted 93 | . 12 41 21 19 Peak Tracking Total 7 | . 3 7 4 6 Tactical Retreats 7 | . 2 5 . . Traps | -11 -10 -9 -8 -7 ------- Run | Yrd Mat Mat Mat Fac Traps Triggered 5 | . 2 3 . . Indirectly . | . . . . . Trap Hack Attempts . | . . . . . Triggered . | . . . . . Disarmed 5 | . . . . 5 Reprogrammed . | . . . . . Reused . | . . . . . Traps Extracted . | . . . . . Installed . | . . . . . Triggered 2 | . . . . 2 Machines | -11 -10 -9 -8 -7 ---------- Run | Yrd Mat Mat Mat Fac Machines Disabled 8 | . 1 2 . 5 Max in Single Turn 2 | . 1 1 . 2 Machines Repaired . | . . . . . Machines Dismantled . | . . . . . Machines Sabotaged . | . . . . . Overloaded Fab Kills . | . . . . . Hacking | -11 -10 -9 -8 -7 --------- Run | Yrd Mat Mat Mat Fac Machines Accessed 30 | . 3 11 5 11 Terminals 18 | . 1 7 3 7 Fabricators . | . . . . . Repair Stations 4 | . 1 1 1 1 Recycling Units 5 | . 1 2 . 2 Scanalyzers 3 | . . 1 1 1 Garrison Access . | . . . . . Total Hacks 95 | . 6 28 22 39 Successful 63 | . 5 21 14 23 Failed 32 | . 1 7 8 16 Catastrophic 3 | . . . . 3 Database Lockouts . | . . . . . Manual . | . . . . . Terminals 53 | . 3 16 13 21 Fabricators . | . . . . . Repair Stations 16 | . 2 2 7 5 Recycling Units 11 | . 1 6 . 4 Scanalyzers 15 | . . 4 2 9 Garrison Access . | . . . . . Terminal Hacks 32 | . 3 11 8 10 Record 10 | . 2 4 2 2 Robot Analysis 1 | . . . 1 . Prototype ID Bank 2 | . . 1 1 . Emergency Access Points 3 | . . 2 . 1 Alert Level 2 | . . 1 . 1 Unreport Threat 4 | . . 1 1 2 Locate Traps 4 | . . 1 2 1 Disarm Traps 1 | . . . . 1 Dispatch Records 1 | . . . 1 . Maintenance Status 2 | . . 1 . 1 Recall Extermination 1 | . . . . 1 Zone Layout 1 | . 1 . . . Fabricator Hacks . | . . . . . Repair Station Hacks 11 | . 1 2 4 4 Scan Component 6 | . 1 1 2 2 Repair 5 | . . 1 2 2 Recycling Unit Hacks 6 | . 1 4 . 1 Report Inventory 3 | . 1 2 . . Retrieve Components 3 | . . 2 . 1 Scanalyzer 14 | . . 4 2 8 Insert Component 7 | . . 2 1 4 Analyze 7 | . . 2 1 4 Garrison Access Hacks . | . . . . . Unauthorized Hacks . | . . . . . Terminals . | . . . . . Fabricators . | . . . . . Repair Stations . | . . . . . Recycling Units . | . . . . . Scanalyzers . | . . . . . Garrison Access . | . . . . . Data Cores Recovered 1 | . . . . 1 Used 1 | . . . . 1 Hacking Detections 26 | . 2 9 5 10 Full Trace Events 2 | . 1 . . 1 Feedback Events . | . . . . . Feedback Blocked . | . . . . . Robot Schematics Acquired . | . . . . . Robots Built . | . . . . . Authchips . | . . . . . Time . | . . . . . Total Robot Build Rating . | . . . . . Part Schematics Acquired 7 | . . 2 1 4 Parts Built . | . . . . . Authchips . | . . . . . Time . | . . . . . Total Part Build Rating . | . . . . . Parts Repaired 5 | . . 1 2 2 Time 148 | . . 26 64 58 Parts Recycled . | . . . . . Recycled Matter . | . . . . . Retrieved Matter . | . . . . . Retrieved Components 9 | . . 6 . 3 Parts Scanalyzed 7 | . . 2 1 4 Part Schematics Acquired 7 | . . 2 1 4 Parts Damaged . | . . . . . Bothacking | -11 -10 -9 -8 -7 ------------ Run | Yrd Mat Mat Mat Fac Used RIF Installer . | . . . . . Robots Hacked . | . . . . . Non-combat . | . . . . . Combat . | . . . . . Robot Hacks Applied . | . . . . . Relay Couplers Released . | . . . . . Fabnet Peak Effective % . | . . . . . Robots Rewired . | . . . . . Allies Hacked . | . . . . . Hacks Repelled . | . . . . . Allies | -11 -10 -9 -8 -7 -------- Run | Yrd Mat Mat Mat Fac Total Allies . | . . . . . Largest Group . | . . . . . Highest-Rated Group . | . . . . . Highest-Rated Ally . | . . . . . Total Orders . | . . . . . Ally Attacks . | . . . . . Total Damage . | . . . . . Kills . | . . . . . Allies Corrupted . | . . . . . Allies Melted . | . . . . . Intel | -11 -10 -9 -8 -7 ------- Run | Yrd Mat Mat Mat Fac Robot Analysis Total 1 | . . . 1 . Derelict Logs Recovered . | . . . . . Drone Launches . | . . . . . Drone Recoveries . | . . . . . Exploration | -11 -10 -9 -8 -7 ------------- Run | Yrd Mat Mat Mat Fac Turns Passed 5416 | 88 550 2113 1334 1331 Spaces Moved 2804 | 55 274 1014 721 740 Core 44 | 11 . 4 . 29 Treads 816 | 44 274 125 . 373 Legs 1941 | . . 882 721 338 Wheels 3 | . . 3 . . Hover . | . . . . . Flight . | . . . . . Fastest Speed 50 | 50 160 95 120 50 Average Speed 136 | 138 160 140 120 138 Slowest Speed 400 | 160 160 200 190 400 Overloaded Moves . | . . . . . Propulsion Burnouts . | . . . . . Robots Hopped . | . . . . . Cave-ins Triggered . | . . . . . Exploration Rate (%) 35 | 5 35 73 45 21 Regions Visited 4 Branch Regions . Pre-discovered Areas . | . . . . . Known Exits Taken 2 | . . 1 1 . Unknown Exits Taken 2 | 1 1 . . . Scrap Searched . | . . . . . Spaces Dug . | . . . . . Terrain Destroyed 101 | . . . 20 81 Melee . | . . . . . Projectile 9 | . . . 9 . AOE 92 | . . . 11 81 Terrain Rammed . | . . . . . Walls Destroyed . | . . . . . Machines Disabled . | . . . . . Actions | -11 -10 -9 -8 -7 --------- Run | Yrd Mat Mat Mat Fac Total 3893 | 67 353 1452 1047 974 Wait 558 | . 41 167 209 141 Move 2800 | 54 273 1013 720 740 Hop . | . . . . . Pick Up 84 | 7 7 39 16 15 Fast Attach 26 | . . 20 2 4 Attach 49 | 6 2 12 10 19 Detach 4 | . 1 1 . 2 Swap 26 | . 3 16 7 . Drop 67 | . 4 43 10 10 Fire 227 | . 1 110 73 43 Melee 51 | . 21 30 . . Ram . | . . . . . Kick 1 | . . 1 . . Crush . | . . . . . Escape Stasis . | . . . . . Rewire . | . . . . . Trap . | . . . . . Miscellaneous . | . . . . . Route ------- -11/Scrapyard -10/Materials (discovered 2 exits: *Mat / [*Min]) -9/Materials (discovered 2 exits: *Mat / *Min) -8/Materials -7/Factory (discovered 1 exit: *Fac) History --------- Turn | Location | Event 27 | -11/Scrapyard | Discovered new exit (range 15) 89 | -11/Scrapyard | Entered Materials 311 | -10/Materials | Build established: Mutant 442 | -10/Materials | Discovered new exit (range 13) 614 | -10/Materials | Discovered new exit (range 3) 639 | -10/Materials | Entered another Materials area 639 | -9/Materials | Evolved 2 slots: Propulsion x1, Utility x1 705 | -9/Materials | Repaired Lgt. Treads 1488 | -9/Materials | Build established: Scavenger-Mutant 1995 | -9/Materials | Discovered new exit (range 11) 2085 | -9/Materials | Identified exit to Mines 2388 | -9/Materials | Discovered new exit (range 16) 2486 | -9/Materials | Identified exit to Materials 2752 | -9/Materials | Entered another Materials area 2752 | -8/Materials | Evolved 2 slots: Utility x1, Weapon x1 3058 | -8/Materials | Build established: Mutant 3623 | -8/Materials | Repaired Imp. Light Cannon 3655 | -8/Materials | Repaired Imp. Light Cannon 4066 | -8/Materials | Discovered new exit (range 18) 4085 | -8/Materials | Identified exit to Factory 4086 | -8/Materials | Entered Factory 4086 | -7/Factory | Evolved 2 slots: Propulsion x1, Utility x1 4320 | -7/Factory | Build established: Tank 4374 | -7/Factory | Lost 3 parts (1p1n1w) 4576 | -7/Factory | Repaired Imp. Light Cannon 4632 | -7/Factory | Repaired Core Shielding 4653 | -7/Factory | Build established: Mutant 4774 | -7/Factory | Discovered new exit (range 15) 4794 | -7/Factory | Identified exit to Factory 4910 | -7/Factory | Cargo convoy interrupted 5404 | -7/Factory | Core integrity fell below 50% 5408 | -7/Factory | Core integrity fell below 20% 5417 | -7/Factory | Destroyed by X-67 Chaingunner with Minigun Last Messages --------------- 05395_ Y-54 Guardian destroyed. 05395_ Power Conduit explodes. 05395_ H-61 Shepherd destroyed. 05395_ Hvy. Rocket Launcher destroyed. 05395_ Destroyed Hvy. Rocket Launcher. 05397_ Imp. Carbon-fiber Leg destroyed. 05397_ Dropped Core Shielding. 05398_ Discarded Visual Processing Unit. 05398_ Dropped Med. Storage Unit. 05400_ U-05 Engineer builds a Wall. 05401_ Lyr. Light Armor Plating destroyed. 05401_ Knocked back. 05403_ Com. Battery destroyed. 05403_ Imp. Shield Generator destroyed. 05404_ U-05 Engineer lays Concrete. 05405_ Penetrated by Slug. 05405_ Knocked back. 05405_ U-05 Engineer lays Concrete. 05411_ Acquired Hrd. Light Armor Plating. 05411_ Knocked back. Map ----- +----------------------------------------------------+ | | | | | | | | | | | | | | | | | | | | | | | | | | | | | | | | | | | | | | | | | | | ?????????????????????????????????????????????????? | | ?????????????#######?????????????????????????????? | | ?????????????? ]???????????????????????????? | | ???????????????? """ ##########???????????????? | | ???????????????? """ ] /@ #???????????????? | | ???????????????? """ # #???????????????? | | ?????????????? ; ###?????????????? | | ?????????????############ !!! ""#???########??? | | ?????????????????? ?# !!! ""#???# | #??? | | ????????????????? # ! %F"##### #??? | | ????????????????? " ""# # % #??? | | ????????????????? "" # ## + #??? | | ?????????????????? G # x" # #### | | ????????????????? "" # # # % # | | ????????????????? " # # % ! ## | | ????????????????? =% ! # | | ??????????????????#### ! # | | ?????????????????????## H # | | ???????????????????#### # # | | ???????????????????# # # # | | ???????????????????# / ! ### " ## | | ???????????????????# !!! #?###### " " #? | | ???????????????????# !! """ #??????# # ###? | | ???????????????????# !! """ #??????#### # ####??? | | ???????????????????# """ #????????## ###?????? | | ???????????????????# #?????????# #???????? | | ???????????????????# /#?????????# ????????? | | ???????????????????######+####?????????#?????????? | | ????????????????????????# #??????????????????????? | +----------------------------------------------------+ Best States ------------- Heat Dissipation 34 Energy Generation 14 Energy Capacity 300 Matter Stores 300 Matter Capacity 300 Sight Range 18 Terrain Scan Range 14 Terrain Scan Density 10 ECM Strength 1 Armor Coverage 300 Core Shielding 20 Evasion (%) 55 Recoil Reduction 4 Item Schematics ----------------- Particle Gun | -9/Materials | Scanalyzed Signal Interpreter | -9/Materials | Scanalyzed Deuterium Engine | -8/Materials | Scanalyzed Mni. Grenade Launcher | -7/Factory | Scanalyzed Lrg. Storage Unit | -7/Factory | Scanalyzed Lyr. Light Armor Plating | -7/Factory | Scanalyzed Core Shielding | -7/Factory | Scanalyzed Robot Schematics ------------------ None Fabricated ------------ Nothing Alien Tech Used ----------------- None Achievements -------------- Dynamic Key Librarian Novice Programmer Safety First Challenges ------------ None Game ------ Seed fool Manual? 1 Play Time 01:33:36 Cumulative 8.0 hours Start 2024.11.18 @ 11:34:37 End 2024.11.18 @ 13:16:08 Sessions 1 Manual Loads 0 Difficulty Rogue Special Mode None Game No. 5 Rogue 5 Adventurer 0 Explorer 0 Win Type - Total 0 Types 0/0/0/0/0/0/0/0/0 Lore% 4 Gallery% 11 Achievement% 11 Wizard Run 0 Options --------- Layout 0 ASCII 0 Keyboard 0 Movement Mouse Keybinds 0 Fullscreen 1 Font 24/Smallcaps Map View 76x50 Zoom Use 0% Tactical HUD 1 Map Filters NONE Filters NONE Steam 1 RUN: 91c185ae-2eda-46c0-8178-e8d1adfa648e